cohdb
Replays
Latest Replays
All Replays
Popular Replays
Top Player Replays
Match Explorer
How It Works
Community
CoH3 Stats
Reddit
Sign in to upload your games and track your stats! →
Sign in with Steam
Match 43450906
Unlisted
Match 43450906
Overview
Messages
Build Orders
End
Construct Barracks
Riflemen Squad
Riflemen Squad
Riflemen Squad
Riflemen Squad
Mechanized Support Center
Construct Motor Pool
Grenade Package
Construct Weapon Support Center
Selects Armored Battlegroup
M3 Armored Personnel Carrier
Selects Assault Engineers
Selects Field Repairs
Selects War Machine
M1918 Browning Automatic Rifles
M24 Chaffee Light Tank
Selects Strength in Steel
M24 Chaffee Light Tank
Riflemen Squad
Assault Engineer Squad
Assault Engineer Squad
Selects Seek and Destroy
Geilezwiebel03
Michaxp
Moltke1871
Malcontent 鬼
0
0
Comments
sign in to comment!
No comments posted yet!